 Dungeon Crawl Stone Soup version 0.30-a0-1050-g2766ea1e55 (webtiles) character file.

Game seed: 16729840286634607589

147 Ic0nGaming the Cutter (level 5, -7/32 HPs)
             Began as a Kobold Fighter on Apr 10, 2023.
             Blown up by Ijyb (18 damage)
             ... with a mindburst bolt
             ... on level 3 of the Dungeon.
             The game lasted 00:12:07 (2874 turns).

Ic0nGaming the Cutter (Kobold Fighter)              Turns: 2874, Time: 00:12:08

Health: -7/32      AC:  9    Str: 15    XL:     5   Next: 55%
Magic:  5/5        EV: 12    Int: 10    God:
Gold:   126        SH:  9    Dex: 14    Spells: 4/4 levels left

rFire   . . .      SeeInvis .    a - +0 rapier
rCold   . . .      Faith    .    c - +0 buckler
rNeg    . . .      Spirit   .    m - +0 leather armour
rPois   .          Reflect  +    p - +0 helmet
rElec   .          Rampage  .    (no cloak)
rCorr   .                        (no gloves)
Will    .....                    i - +0 pair of boots
Stlth   +++                      j - amulet of reflection
HPRegen 0.25/turn                r - +4 ring of protection
MPRegen 0.09/turn                (no ring)

@: hasted, very quick
A: small, no large weapons, nightstalker 3
a: no special abilities


You were on level 3 of the Dungeon.
You visited 1 branch of the dungeon, and saw 3 of its levels.

You collected 126 gold pieces.

Inventory:

Hand Weapons
 a - a +0 rapier (weapon)
Missiles
 k - 2 boomerangs (quivered)
Armour
 c - a +0 buckler (worn)
 i - a +0 pair of boots (worn)
 m - a +0 leather armour (worn)
 p - a +0 helmet (worn)
Jewellery
 j - an amulet of reflection (around neck)
 r - a +4 ring of protection (left hand)
Scrolls
 q - a scroll of fog
Potions
 b - 2 potions of mutation
 e - a potion of flight {unknown}
 h - a potion of haste
 l - a potion of invisibility {unknown}
 n - a potion of heal wounds {unknown}
 o - a potion of magic {unknown}


   Skills:
 - Level 3.2 Fighting
 * Level 6.0 Short Blades
 - Level 2.4 Armour
 + Level 3.7 Stealth
 - Level 2.4 Shields


You had 4 spell levels left.
You didn't know any spells.
Your spell library contained the following spells:

 Spells                   Type           Power      Damage    Failure   Level
 Apportation              Tloc           0%         N/A       56%         1
 Necrotise                Necr           0%         1d4       56%         1
 Summon Small Mammal      Summ           0%         N/A       56%         1
 Passage of Golubria      Tloc           0%         N/A       100%        4
 Silence                  Hex/Air        0%         N/A       100%        5
 Lehudib's Crystal Spear  Conj/Erth      0%         10d2      100%        8


Dungeon Overview and Level Annotations

Branches:
Dungeon (3/15)

Altars:

Shops:
D:2 (

Annotations:
D:3 Ijyb


Innate Abilities, Weirdness & Mutations

You are small and have problems with some larger weapons.
You are completely attuned to the shadows.


Message History

* * * LOW HITPOINT WARNING * * *
Ijyb hits you but does no damage.
Throw: dart (poison)
Press: ? - help, Q - select action, (/) - cycle Shift-Dir - straight line, f/p - Ijyb
Aim: Ijyb, wielding a +0 club, wearing a +0 chain mail and carrying a wand of mindburst (11) (severely wounded, poisoned, 59% to hit)
You throw a poisoned dart. The poisoned dart hits Ijyb.
Ijyb is severely wounded.
You block Ijyb's attack.
You barely miss Ijyb.
Ijyb is almost dead.
Ijyb zaps a wand.
You barely resist. You hit Ijyb but do no damage.
Ijyb is almost dead.
Ijyb barely misses you.
You hit Ijyb but do no damage.
Ijyb is almost dead.
You block Ijyb's attack.
You closely miss Ijyb.
Ijyb is almost dead.
Ijyb looks more healthy.
You block Ijyb's attack.
You barely miss Ijyb.
Ijyb is almost dead.
Ijyb hits you but does no damage.
It was a potion of haste.
You feel yourself speed up. Ijyb hits you but does no damage.
You hit Ijyb but do no damage.
Ijyb is almost dead.
You hit Ijyb.
Ijyb is almost dead.
Ijyb barely misses you.
You hit Ijyb but do no damage.
Ijyb is almost dead.
You block Ijyb's attack.
You hit Ijyb but do no damage.
Ijyb is almost dead.
You barely miss Ijyb.
Ijyb is almost dead.
Ijyb zaps a wand.
Your mind is blasted!
Ouch! That really hurt!
You die...

..#.##.....#
#.#
..#.##.....#
#.#
..#.########
#.# #.#.#
#.# #.#.#
#.# ....####
#.#
####†..##
#.#
.....†...
#.#
####...##
#@#
#........
...g.#
#........
######
#........
####.....


You could see Ijyb.

Vanquished Creatures
  2 orc priests (D:3)
  2 adders
  2 worms (D:2)
  A dart slug (D:3)
  3 orcs (D:3)
  3 bats (D:1)
  7 endoplasms
  3 giant cockroaches (D:1)
  4 goblins
  8 hobgoblins
  7 jackals
  8 ball pythons
  2 frilled lizards
  3 kobolds
  3 rats
58 creatures vanquished.

Notes
Turn   | Place    | Note
-------+----------+-------------------------------------------
     0 | D:1      | Ic0nGaming the Kobold Fighter began the quest for the Orb.
     0 | D:1      | Reached XP level 1. HP: 14/14 MP: 1/1
    95 | D:1      | Reached skill level 3 in Short Blades
   159 | D:1      | Reached skill level 1 in Stealth
   173 | D:1      | Reached XP level 2. HP: 19/19 MP: 2/2
   441 | D:1      | Found a faded altar of an unknown god.
   497 | D:1      | Reached XP level 3. HP: 20/23 MP: 3/3
   508 | D:1      | Reached skill level 4 in Short Blades
  1629 | D:2      | Reached XP level 4. HP: 21/28 MP: 4/4
  2157 | D:2      | Reached skill level 5 in Short Blades
  2157 | D:2      | Found Ymnevesch's Weapon Boutique.
  2762 | D:3      | Reached XP level 5. HP: 22/32 MP: 5/5
  2770 | D:3      | Reached skill level 6 in Short Blades
  2826 | D:3      | Noticed Ijyb
  2874 | D:3      | Blown up by Ijyb

Illustrated notes

Levels and vault maps discovered:
D:1:      dpeg_arrival_water_fire, layout_basic,
          hellmonk_ecumenical_altar_arch_garden
D:2:      minmay_inner_zag, layout_rooms, serial_shops,
          nicolae_shop_bloodbath_and_beyond, chequers_hall_statues_y
D:3:      layout_loops_cross, uniq_ijyb

Skill      XL: |  1  2  3  4  5 |
---------------+----------------+-----
Short Blades   | 3 4 5 6 |  6.0
Stealth        | 1 2 3 |  3.7
Fighting       | |  3.2
Armour         | |  2.4
Shields        | |  2.4

Action                     |  1- 3 |  4- 6 || total
---------------------------+-------+-------++-------
  Melee: Rapier            |   109 |    98 ||   207
  Throw: Dart              |     2 |     2 ||     4
    Use: Scroll            |     3 |     3 ||     6
         Potion            |       |     5 ||     5
   Stab: Sleeping          |    12 |     7 ||    19
 Armour: Scale mail        |     1 |       ||     1
         Ring mail         |    36 |       ||    36
         Leather armour    |       |    22 ||    22
  Dodge: Dodged            |    60 |    32 ||    92
  Block: Buckler           |    15 |    19 ||    34

Table legend: (Time is in decaauts)
 A = Elapsed time spent in this place.
 B = Non-inter-level travel time spent in this place.
 C = Inter-level travel time spent in this place.
 D = Time resting spent in this place.
 E = Time spent auto-exploring this place.
 F = Levels seen in this place.
 G = Mean time per level.
                   A        B        C        D        E       F      G
               +--------+--------+--------+--------+--------+-----+--------+
         Total |   2878 |   2578 |    300 |    346 |   1558 |   3 |  959.3 |
       Dungeon |   2878 |   2578 |    300 |    346 |   1558 |   3 |  959.3 |
               +--------+--------+--------+--------+--------+-----+--------+

Top non-repeatable levels by time:
     D:1: 1331 daAuts
     D:2: 1131 daAuts
     D:3: 415 daAuts
